AoeStats
← FMarcoss

Arabia

508431430Analyzed
1v1 RM · 11d ago on Sep 22, 2026· 26m 10s· 2 players
Game mode
Random Map
Map size
Tiny (2 player)
Population
200
Speed
Normal
Resources
Standard
Victory
Conquest
Starting age
Dark Age
Ending age
Imperial Age
RankedLock teamsTeams togetherTeam positionsShared explorationLock speedFull tech treeHidden civsTurbo modeCheats
Victory
Defeat
🇦🇷 Slavs · Argentina
1869
+10
🇨🇱 Britons · Chile
1744
-10
Mr. Bungle
7:38 Loom
10:13 Feudal Age
10:46 Double-Bit Axe
10:41 Horse Collar
17:20 Fletching
26:40 Castle Age
FMarcoss
6:29 Loom
8:47 Feudal Age
10:07 Double-Bit Axe
15:45 Fletching
16:54 Padded Archer Armor
18:40 Scale Barding Armor
25:58 Castle Age
25:01 Bloodlines
Connection lost

Rejoining the realm…

Still unreachable

The connection could not be restored.

Session expired

The server has moved on; the page needs a fresh start.